 Dungeon Crawl Stone Soup version 0.16.2-12-gd0ad4c3 (webtiles) character file.

644 Kloppie the Sneak (level 7, -3/36 HPs)
             Began as a Deep Elf Enchanter on Oct 29, 2015.
             Slain by Pikel
             ... wielding a +0 whip of freezing
              (11 damage)
             ... on level 5 of the Dungeon.
             The game lasted 00:15:28 (4570 turns).

Kloppie the Sneak (Deep Elf Enchanter)              Turns: 4570, Time: 00:15:28

Health: -3/36      AC:  5    Str:  7    XL:     7   Next: 26%
Magic:  12/20      EV: 13    Int: 26    God:
Gold:   128        SH:  0    Dex: 15    Spells: 3 memorised, 6 levels left

rFire  . . .     SeeInvis .     a - +1 dagger (venom)
rCold  . . .     Clarity  .     e - +1 robe
rNeg   . . .     SustAb   .     (no shield)
rPois  .         Gourm    +     (no helmet)
rElec  .         Spirit   .     (no cloak)
rCorr  .         Warding  .     (no gloves)
rMut   .         Stasis   .     v - +1 pair of boots
MR     .....                    y - amulet of the gourmand
Stlth  +++.......               B - ring of flight
                                r - +6 ring of intelligence

@: about to teleport, not resistant to hostile enchantments, fairly stealthy
A: no striking features
a: Evoke Flight


You were on level 5 of the Dungeon.
You were not hungry.

You visited 1 branch of the dungeon, and saw 5 of its levels.

You collected 128 gold pieces.

Inventory:

Hand weapons
 a - a +1 dagger of venom (weapon)
 b - a +0 short sword
Armour
 e - a +1 robe (worn)
 v - a +1 pair of boots (worn)
Jewellery
 r - a +6 ring of intelligence (left hand)
 y - an amulet of the gourmand (around neck)
 B - a ring of flight (right hand)
Magical devices
 m - a wand of confusion (30)
 x - a wand of hasting (4)
 D - a wand of digging (5)
Scrolls
 l - 2 scrolls of teleportation
 n - a scroll of amnesia
 s - a scroll of remove curse
 w - a scroll of magic mapping
Potions
 f - 2 potions of brilliance
 g - a potion of heal wounds {unknown}
 h - a potion of lignification {unknown}
 i - a potion of haste {unknown}
 j - 3 potions of curing {unknown}
 k - a potion of agility {unknown}
 o - a potion of ambrosia {unknown}
 q - 2 potions of invisibility {unknown}
 t - a potion of beneficial mutation {unknown}
 C - a potion of poison {unknown}
Books
 c - a book of Maledictions

   Spells                             Type                      Level
   a - Corona                         Hexes                        1
   b - Sure Blade                     Hexes/Charms                 2
   c - Ensorcelled Hibernation        Hexes/Ice                    2
   d - Confuse                        Hexes                        3
   e - Dazzling Spray                 Conjuration/Hexes            3
   f - Enslavement                    Hexes                        4
 p - a book of Control

   Spells                             Type                      Level
   a - Control Teleport               Charms/Translocation         4
   b - Control Undead                 Necromancy                   4
   c - Enslavement                    Hexes                        4
   d - Metabolic Englaciation         Hexes/Ice                    5
   e - Mass Confusion                 Hexes                        6
Comestibles
 d - 2 bread rations
 u - 2 meat rations
 z - a beef jerky
 A - 3 fruits
 E - 2 chunks of flesh


   Skills:
 + Level 5.4 Short Blades
 - Level 2.4 Dodging
 + Level 6.5 Stealth
 - Level 3.0 Spellcasting
 - Level 5.1 Hexes
 - Level 3.0 Ice Magic


You had 6 spell levels left.
You knew the following spells:

 Your Spells              Type           Power        Failure   Level  Hunger
a - Corona                Hex            ####...      1%          1    None
b - Ensorcelled Hibernat  Hex/Ice        ####..       2%          2    ##.....
c - Confuse               Hex            ####....     4%          3    ###....


Dungeon Overview and Level Annotations

Branches:
Dungeon (5/15)
 Temple: D:4-7

Altars:
The Shining One

Annotations:
D:3 Sigmund; Woxaris' ghost, average MiFi
D:5 Pikel


Message History

Casting: Ensorcelled Hibernation
Confirm with . or Enter, or press ? or * to list all spells.
Aiming: Confuse
Press: ? - help, Shift-Dir - straight line, f/p - Pikel
Aim: Pikel, wielding a whip of freezing and wearing a robe (berserk, fast, unusually strong, chance 59%) Pikel resists with significant effort.
Pikel closely misses you. Pikel barely misses you.
Casting: Confuse
Confirm with . or Enter, or press ? or * to list all spells.
Aiming: Ensorcelled Hibernation
Press: ? - help, Shift-Dir - straight line, f/p - Pikel
Aim: Pikel, wielding a whip of freezing and wearing a robe (berserk, fast, unusually strong, chance 54%) Pikel is unaffected.
Pikel hits you with a whip of freezing!
* * * LOW HITPOINT WARNING * * *
Pikel freezes you.
* * * LOW HITPOINT WARNING * * *
Read which item? (? for menu, Esc to quit)
As you read the scroll of teleportation, it crumbles to dust.
You feel strangely unstable. Pikel hits you with a whip of freezing!
You die...

.# #.$# ####### ..## #..#
###...... ...#.###
#..###.......>
........####.............
...........##..†..........
.............#..........##
..............#.........#
#........K@[..[.[..####..#
#............[...## #..#
#.................## ##.#
....?.............# #..#
#................## ##..##
##...............# ##.....
#.....S.........###..####
...............##..##
..$...........#...#


You could see Pikel (berserk) and an adder.

Vanquished Creatures
  4 slaves (D:5)
  A phantom (D:4)
  2 hounds
  4 orc wizards
  2 orc priests (D:4)
  A giant frog skeleton (D:4)
  3 worker ants (D:4)
  An iguana (D:4)
  Ijyb (D:5)
  A worker ant zombie (D:5)
  6 adders
  A shadow imp (D:4)
  3 gnolls (D:4)
  10 orcs
  8 bats
  2 giant cockroaches
  9 goblins
  9 hobgoblins
  3 jackals (D:1)
  8 kobolds
  An ooze (D:1)
  4 ball pythons
  3 giant newts
  A jackal skeleton (D:4)
  A quokka (D:2)
  11 rats
100 creatures vanquished.

Notes
Turn   | Place    | Note
--------------------------------------------------------------
     0 | D:1      | Kloppie, the Deep Elf Enchanter, began the quest for the Orb.
     0 | D:1      | Reached XP level 1. HP: 10/10 MP: 5/5
   136 | D:1      | Reached XP level 2. HP: 13/15 MP: 8/8
  1052 | D:1      | Reached XP level 3. HP: 19/19 MP: 8/10
  1211 | D:2      | Learned a level 2 spell: Ensorcelled Hibernation
  1464 | D:2      | Reached skill level 5 in Stealth
  1644 | D:2      | Found a glowing golden altar of the Shining One.
  1930 | D:2      | Reached XP level 4. HP: 15/24 MP: 13/13
  2144 | D:3      | Noticed Woxaris' ghost (average MiFi)
  2287 | D:3      | Noticed Sigmund
  2535 | D:4      | Learned a level 3 spell: Confuse
  2585 | D:4      | Reached skill level 6 in Stealth
  2585 | D:4      | Reached XP level 5. HP: 28/28 MP: 7/16
  2672 | D:4      | Reached skill level 1 in Ice Magic
  2769 | D:4      | Noticed a phantom
  2867 | D:4      | Killed a phantom
  2867 | D:4      | Reached XP level 6. HP: 28/32 MP: 7/18
  3967 | D:4      | Reached skill level 5 in Short Blades
  4129 | D:4      | Reached skill level 5 in Hexes
  4129 | D:4      | Reached XP level 7. HP: 36/36 MP: 17/20
  4217 | D:5      | Entered Level 5 of the Dungeon
  4327 | D:5      | Noticed Ijyb
  4332 | D:5      | Killed Ijyb
  4490 | D:5      | Noticed Pikel
  4570 | D:5      | Slain by Pikel

Action                   |  1- 3 |  4- 6 |  7- 9 || total
-------------------------+-------+-------+-------++-------
Melee: Dagger            |   115 |    71 |    19 ||   205
       Short sword       |       |     7 |       ||     7
 Cast: Corona            |    11 |     3 |       ||    14
       Ensorcelled Hiber |     9 |    52 |    16 ||    77
       Confuse           |       |     2 |     2 ||     4
  Use: Scroll            |       |       |     9 ||     9
 Stab: Sleeping          |    19 |    28 |    11 ||    58
       Confused          |       |     4 |     1 ||     5
  Eat: Chunk             |     3 |    10 |     2 ||    15
